 Dungeon Crawl Stone Soup version 0.32-a0-933-ga8fa3634e4 (webtiles) character file.

Game seed: 54106791413367828

2637 Foxy the Poker (level 9, 0/103 HPs)
             Began as a Coglin Berserker on Apr 15, 2024.
             Was an Elder of Trog.
             Slain by a vampire mosquito (6 damage)
             ... on level 7 of the Dungeon.
             The game lasted 00:08:42 (5959 turns).

Foxy the Poker (Coglin Berserker)                   Turns: 5959, Time: 00:08:42

Health: 0/103      AC:  8    Str: 22    XL:     9   Next: 61%
Magic:  9/9        EV: 12    Int:  9    God:    Trog [****..]
Gold:   445        SH:  0    Dex: 17    Spells: 8/8 levels left

rFire   . . .        H - +3 trident (drain) {Astrid}
rCold   . . .        b - +10 whip of the Spectre {drain, Int+3 Dex+3}
rNeg    . . .        l - +0 ring mail
rPois   .            x - +0 helmet
rElec   .            (no cloak)
rCorr   .            j - +0 pair of gloves
SInv    .            (no boots)
Will    .....        (amulet unavailable) Stlth
                     (ring unavailable)
HPRegen 0.37/turn    (ring unavailable)
MPRegen 0.11/turn    (no gizmo)

%: no passive effects
@: berserking, revved, very quick
A: off-hand wielding, slow wielding, warmup strikes, no jewellery
a: Invent Gizmo, Renounce Religion, Berserk, Trog's Hand, Brothers in Arms


You were on level 7 of the Dungeon.
You worshipped Trog.
Trog was greatly pleased with you.
You visited 1 branch of the dungeon, and saw 7 of its levels.
You also visited: Ossuary.

You collected 490 gold pieces.
You spent 45 gold pieces at shops.

Inventory:

Hand Weapons
 b - the +10 whip of the Spectre (offhand) {drain, Int+3 Dex+3}
   (You found it on level 2 of the Dungeon)

   Int+3:     It affects your intelligence (+3).
   Dex+3:     It affects your dexterity (+3).
 H - a +3 trident of draining (weapon) {Astrid}
Missiles
 k - a throwing net (quivered)
 y - 8 poisoned darts
Armour
 j - a +0 pair of gloves (worn)
 l - a +0 ring mail (worn)
 x - a +0 helmet (worn)
Wands
 r - a wand of mindburst (11)
 v - a wand of charming (4)
 w - a wand of acid (1)
 F - a wand of roots (1)
Scrolls
 c - 3 scrolls of brand weapon {unknown}
 h - 3 scrolls of vulnerability {unknown}
 i - a scroll of identify
 n - 2 scrolls of revelation {unknown}
 o - 3 scrolls of blinking {unknown}
 t - a scroll of silence
 u - 2 scrolls of poison {unknown}
 B - a scroll of fear {unknown}
 C - a scroll of teleportation {unknown}
 D - a scroll of torment {unknown}
Potions
 d - 4 potions of lignification
 f - 5 potions of might
 g - 4 potions of mutation
 m - 3 potions of attraction {unknown}
 p - 4 potions of curing
 q - 2 potions of haste {unknown}
 s - 3 potions of heal wounds
 z - 2 potions of brilliance {unknown}
 A - a potion of ambrosia {unknown}
 E - a potion of berserk rage {unknown}
 G - a potion of resistance {unknown}


   Skills:
 + Level 5.8 Fighting
 * Level 5.8 Maces & Flails
 * Level 6.8 Polearms
 + Level 4.8 Armour
 + Level 4.8 Dodging


You had 8 spell levels left.
You didn't know any spells.
Your spell library was empty.

Dungeon Overview and Level Annotations

Branches:
Dungeon (7/15)             Temple (0/1) D:4         Ossuary (visited)

Altars:
Ashenzari
Cheibriados
Elyvilon
Fedhas
Gozag
Nemelex Xobeh
Sif Muna

Shops:
D:5 *   D:6 [=:!


Innate Abilities, Weirdness & Mutations

You can wield a second weapon in your off-hand.
It takes a long time for you to wield or remove held weapons.
Your first few attacks do less damage.
You cannot equip rings or amulets.


Message History

You miss the vampire mosquito with the +10 whip of the Spectre.
You closely miss the vampire mosquito with your +3 trident of draining.
The vampire mosquito closely misses you.
The vampire mosquito bites you.
The vampire mosquito draws strength from your injuries!
The vampire mosquito bites you!
The vampire mosquito draws strength from your injuries!
The vampire mosquito bites you but does no damage.
You are too injured to fight recklessly!
Unknown command.
You are too injured to fight recklessly!
Unknown command.
A red film seems to cover your vision as you go berserk!
You feel yourself moving faster!
You feel mighty! The vampire mosquito bites you.
The vampire mosquito draws strength from your injuries!
The vampire mosquito bites you.
The vampire mosquito draws strength from your injuries!
The vampire mosquito bites you!
* * * LOW HITPOINT WARNING * * *
The vampire mosquito draws strength from your injuries!
The vampire mosquito barely misses you.
You hit the vampire mosquito with your +3 trident of draining.
The vampire mosquito is moderately damaged.
You barely miss the vampire mosquito with the +10 whip of the Spectre.
The vampire mosquito bites you.
* * * LOW HITPOINT WARNING * * *
The vampire mosquito draws strength from your injuries!
Unknown command.
You miss the vampire mosquito with your +3 trident of draining.
The vampire mosquito is lightly damaged.
You whack the vampire mosquito with the +10 whip of the Spectre!
The vampire mosquito bites you.
* * * LOW HITPOINT WARNING * * *
The vampire mosquito draws strength from your injuries!
The vampire mosquito bites you!
* * * LOW HITPOINT WARNING * * *
The vampire mosquito draws strength from your injuries!
The vampire mosquito bites you.
You die...

##################
#.....#..........#
#.....#..........#
#.....#..........# ####
##...##..........#
..... #'####..........#
......#†..............#
......y@..............#
......#y..............#
..... #...............#
.... ######..........#
... #..........# ##
#..........#
#..........#
#..........#
#..........#


You could see 2 vampire mosquitoes.

Vanquished Creatures
  Jeremiah (D:6)
  Grinder (D:6)
  A vampire mosquito (D:7)
  A water moccasin (D:6)
  A black bear (D:5)
  A sky beast (D:6)
  An ogre (D:5)
  2 centaurs
  A gnoll sergeant (D:6)
  12 scorpions
  2 bombardier beetles
  A centaur zombie (Ossuary)
  2 hounds
  2 human zombies (Ossuary)
  An orc priest (D:5)
  A jelly (D:5)
  2 iguanas (D:5)
  Jessica (D:3)
  3 orc wizards
  2 scorpion zombies (Ossuary)
  3 mummies (Ossuary)
  8 gnolls
  5 adders
  3 shadow imps
  3 white imps
  2 ufetubi (D:5)
  2 dart slugs
  A ribbon worm (D:5)
  7 orcs
  7 endoplasms
  5 gnoll zombies (Ossuary)
  3 goblins (D:2)
  5 hobgoblins
  5 quokkas
  8 ball pythons
  5 ball python zombies (Ossuary)
  A bat (D:1)
  3 frilled lizards
  5 jackal zombies (Ossuary)
  8 kobolds
  3 rats
131 creatures vanquished.

Notes
Turn   | Place    | Note
-------+----------+-------------------------------------------
     0 | D:1      | Foxy the Coglin Berserker began the quest for the Orb.
     0 | D:1      | Reached XP level 1. HP: 18/18 MP: 1/1
   155 | D:1      | Reached XP level 2. HP: 22/24 MP: 2/2
   163 | D:1      | Reached skill level 3 in Polearms
   354 | D:1      | Found a faded altar of an unknown god.
   566 | D:1      | Reached XP level 3. HP: 29/29 MP: 3/3
   859 | D:2      | Identified the +10 whip of the Spectre {drain, Int+3 Dex+3}
  1087 | D:2      | Reached ** piety under Trog
  1521 | D:3      | Reached XP level 4. HP: 29/35 MP: 4/4
  1528 | D:3      | Reached skill level 1 in Maces & Flails
  1753 | D:3      | Noticed Jessica
  1757 | D:3      | Killed Jessica
  1758 | D:3      | Reached XP level 5. HP: 41/41 MP: 5/5
  1850 | D:3      | Found a sparkling altar of Nemelex Xobeh.
  1894 | D:3      | Found a white marble altar of Elyvilon.
  2116 | D:4      | Found a staircase to the Ecumenical Temple.
  2364 | D:4      | Reached skill level 4 in Polearms
  2364 | D:4      | Reached XP level 6. HP: 41/48 MP: 6/6
  2752 | D:4      | Found a broken altar of Ashenzari.
  3035 | D:5      | Entered Level 5 of the Dungeon
  3097 | D:5      | Noticed a black bear
  3104 | D:5      | Killed a black bear
  3105 | D:5      | Reached XP level 7. HP: 54/54 MP: 7/7
  3179 | D:5      | Found a blossoming altar of Fedhas.
  3179 | D:5      | Found an opulent altar of Gozag.
  3259 | D:5      | Found a sand-covered staircase.
  3273 | Ossuary  | Entered an ossuary
  3285 | Ossuary  | Reached *** piety under Trog
  3351 | Ossuary  | Reached skill level 5 in Polearms
  3351 | Ossuary  | Reached XP level 8. HP: 47/61 MP: 8/8
  3714 | D:5      | Reached skill level 5 in Fighting
  3861 | D:5      | Reached **** piety under Trog
  3935 | D:5      | Found a snail-covered altar of Cheibriados.
  4090 | D:5      | Found a shimmering blue altar of Sif Muna.
  4270 | D:5      | Found Gaoddeal's General Store.
  4800 | D:6      | Found Loiso's Book Boutique.
  4807 | D:6      | Found Lawuipnu's Distillery.
  4892 | D:6      | Reached skill level 6 in Polearms
  4895 | D:6      | Noticed Grinder
  4902 | D:6      | Paralysed by Grinder for 4 turns
  4913 | D:6      | Killed Grinder
  4914 | D:6      | Reached skill level 5 in Maces & Flails
  4914 | D:6      | Reached XP level 9. HP: 41/68 MP: 9/9
  5005 | D:6      | Found Yngayq's Antique Armour Shoppe.
  5006 | D:6      | Noticed Jeremiah
  5399 | D:6      | Found Jyt Ize's Jewellery Shoppe.
  5487 | D:6      | Bought a potion of curing for 45 gold pieces
  5726 | D:6      | Killed Jeremiah
  5959 | D:7      | Slain by a vampire mosquito

Illustrated notes

Levels and vault maps discovered:
D:1:      erik_arrival_orb_chamber, layout_basic,
          hellmonk_ecumenical_altar_pennies_from_heaven
D:2:      layout_loops_ring, chequers_serial_rivers_large_b,
          grunt_decor_junction
D:3:      layout_loops_cross, elyvilon_altar_3, nemelex_diamond_rough_becter,
          uniq_jessica
D:4:      layout_layer_cave, lemuel_coloured_pillars_altar,
          minmay_temple_entry_sparse_star, grunt_decor_one_mirror, minivault_5
D:5:      layout_basic, kennysheep_orc_sif_temple, cheibrodos_worm_habitat,
          mainiacjoe_overflow_catwalk_spiral, serial_shops, shop,
          enter_ossuary_1, kennysheep_flooded_box
D:6:      layout_basic, serial_shops, nicolae_shop_tiny_glass, shop_fountains,
          shop, nicolae_shop_tiny_waterfront, kennysheep_nondescript,
          uniq_jeremiah, uniq_grinder
D:7:      layout_gridville

Skill      XL: |  1  2  3  4  5  6  7  8 |
---------------+-------------------------+-----
Armour         | 2 3 4 |  4.8
Polearms       | 3 4 5 6 |  6.8
Dodging        | 2 3 4 |  4.8
Maces & Flails | 1 2 3 5 |  5.8
Fighting       | 4 5 |  5.8

Action                     |  1- 3 |  4- 6 |  7- 9 || total
---------------------------+-------+-------+-------++-------
  Melee: Spear             |    61 |    49 |   194 ||   304
         Dagger            |    39 |       |       ||    39
         Whip              |     9 |    44 |   193 ||   246
         Trident           |       |       |    11 ||    11
 Invoke: Berserk           |       |     1 |     3 ||     4
  Evoke: Wand              |       |       |     6 ||     6
    Use: Scroll            |       |       |     6 ||     6
         Potion            |       |       |     1 ||     1
   Stab: Sleeping          |     1 |     1 |       ||     2
 Armour: Animal skin       |    12 |       |       ||    12
         Ring mail         |     7 |    36 |   144 ||   187
  Dodge: Dodged            |    24 |    23 |   141 ||   188

Table legend: (Time is in decaauts)
 A = Elapsed time spent in this place.
 B = Non-inter-level travel time spent in this place.
 C = Inter-level travel time spent in this place.
 D = Time resting spent in this place.
 E = Time spent auto-exploring this place.
 F = Levels seen in this place.
 G = Mean time per level.
                   A        B        C        D        E       F      G
               +--------+--------+--------+--------+--------+-----+--------+
         Total |   5997 |   5711 |    286 |    216 |   4357 |   8 |  749.6 |
       Dungeon |   5596 |   5310 |    286 |    216 |   4124 |   7 |  799.4 |
       Ossuary |    400 |    400 |      0 |      0 |    233 |   1 |  400.0 |
               +--------+--------+--------+--------+--------+-----+--------+

Top non-repeatable levels by time:
     D:5: 1365 daAuts
     D:6: 1113 daAuts
     D:4: 917 daAuts
     D:2: 890 daAuts
     D:3: 668 daAuts
     D:1: 596 daAuts
 Ossuary: 400 daAuts
     D:7: 46 daAuts
